 Dungeon Crawl Stone Soup version 0.28.0-1-gb440e238dd (webtiles) character file.

Game seed: 14350670540752045938

35 fknight the Chopper (level 3, 0/33 HPs)
             Began as a Hill Orc Monk on Feb 27, 2022.
             Slain by an adder (3 damage)
             ... on level 2 of the Dungeon.
             The game lasted 00:02:47 (1918 turns).

fknight the Chopper (Hill Orc Monk)                 Turns: 1918, Time: 00:02:47

Health: 0/33       AC:  2    Str: 15    XL:     3   Next: 35%
Magic:  3/3        EV: 12    Int: 10    God:
Gold:   26         SH:  0    Dex: 13    Spells: 2/2 levels left

rFire   . . .      SeeInvis .   a - +0 hand axe
rCold   . . .      Faith    .   (no shield)
rNeg    . . .      Spirit   .   b - +0 robe
rPois   .          Reflect  .   (no helmet)
rElec   .          Harm     .   (no cloak)
rCorr   .          Rampage  .   (no gloves)
Will    .....                   (no boots)
Stlth   ++........              (no amulet)
HPRegen 0.11/turn               (no ring)
MPRegen 0.08/turn               (no ring)

@: lethally poisoned (0 -> -5)
A: no striking features
a: no special abilities


You were on level 2 of the Dungeon.
You visited 1 branch of the dungeon, and saw 2 of its levels.

You collected 26 gold pieces.

Inventory:

Hand Weapons
 a - a +0 hand axe (weapon)
 e - a +0 trident
Armour
 b - a +0 robe (worn)
Potions
 c - a potion of cancellation {unknown}
 d - a potion of attraction {unknown}
 f - a potion of brilliance {unknown}
 g - a potion of might {unknown}


   Skills:
 + Level 4.0 Fighting
 + Level 4.5 Axes
 + Level 2.7 Dodging
 + Level 2.1 Stealth


You had 2 spell levels left.
You didn't know any spells.
Your spell library contained the following spells:

 Spells                   Type           Power      Damage    Failure   Level
 Ensorcelled Hibernation  Hex/Ice        0%         N/A       50%         2
 Spider Form              Tmut/Pois      0%         N/A       75%         3
 Anguish                  Hex/Necr       0%         N/A       98%         4


Dungeon Overview and Level Annotations

Branches:
Dungeon (2/15)

Altars:
Fedhas

Shops:
D:1 ?


Message History

You hit the frilled lizard but do no damage.
The frilled lizard bites you.
The frilled lizard completely misses you.
The frilled lizard bites you.
Things that are here:
a +0 club; a goblin corpse The frilled lizard bites you.
The frilled lizard closely misses you.
You hit the frilled lizard.
You kill the frilled lizard!
You see here a frilled lizard corpse.
There is an open door here.
There is an entrance to Jireep's Magic Scroll Shop here.
There is an escape hatch in the floor here.
Done exploring.
There is an escape hatch in the floor here.
You slide downwards.
The hatch slams shut behind you.
The adder hisses angrily.
The endoplasm quivers.
Found a blossoming altar of Fedhas.
The adder bites you. The adder bites you.
You are poisoned.
The adder poisons you!
You feel sick. The adder bites you.
You feel sick. The endoplasm closely misses you.
You feel sick. The adder bites you.
You are more poisoned.
The adder poisons you!
You feel sick. The endoplasm hits you. The adder closely misses you.
You feel sick. The adder bites you.
You are more poisoned.
The adder poisons you!
You feel sick. The endoplasm freezes you.
You are frozen.
* * * LOW HITPOINT WARNING * * *
* * * LOW HITPOINT WARNING * * *
You feel sick. The adder bites you.
You die...

#.............
#######.............
#...................
#...................
#.......#########...
##.......# ..
##....J...# .
#.....S...#
#....@....#
#.._......#
#......#### #......#
####...# #####


You could see an adder and an endoplasm.

Vanquished Creatures
  A dart slug (D:1)
  4 bats (D:1)
  5 giant cockroaches (D:1)
  6 goblins (D:1)
  A hobgoblin (D:1)
  5 jackals (D:1)
  A kobold (D:1)
  A ball python (D:1)
  2 frilled lizards (D:1)
  2 rats (D:1)
28 creatures vanquished.

Notes
Turn   | Place    | Note
-------+----------+-------------------------------------------
     0 | D:1      | fknight the Hill Orc Monk began the quest for the Orb.
     0 | D:1      | Reached XP level 1. HP: 19/19 MP: 1/1
    19 | D:1      | Found Jireep's Magic Scroll Shop.
   401 | D:1      | Reached XP level 2. HP: 7/27 MP: 2/2
  1266 | D:1      | Reached XP level 3. HP: 32/33 MP: 3/3
  1908 | D:2      | Found a blossoming altar of Fedhas.
  1918 | D:2      | Slain by an adder

Illustrated notes

Levels and vault maps discovered:
D:1:      moated_graveyard_arrival, layout_basic, serial_shops, shop_statue
D:2:      layout_basic, basic_altar, serial_curves, eino_curves_04,
          eino_curves_02, eino_curves_02

Skill      XL: |  1  2 |
---------------+-------+-----
Stealth        | 2 |  2.1
Fighting       | 4 |  4.0
Axes           | |  4.5
Dodging        | |  2.7

Action                   || total
-------------------------++-------
Melee: Hand axe          ||    75
       Punch             ||     1
 Stab: Sleeping          ||     3
Armor: Robe              ||    24
Dodge: Dodged            ||    78
